 Dungeon Crawl Stone Soup version 0.30-a0-5-g3a90980b9d (webtiles) character file.

Game seed: 18385256641423701784

60 Nedwor the Cutter (level 3, 0/28 HPs)
             Began as a Demonspawn Gladiator on Aug 22, 2022.
             Slain by a worm (9 damage)
             ... on level 2 of the Dungeon.
             The game lasted 00:02:18 (1621 turns).

Nedwor the Cutter (Demonspawn Gladiator)            Turns: 1621, Time: 00:02:19

Health: 0/28       AC:  4    Str: 16    XL:     3   Next: 80%
Magic:  3/3        EV: 12    Int:  9    God:
Gold:   72         SH:  0    Dex: 14    Spells: 2/2 levels left

rFire   . . .      SeeInvis .    a - +1 rapier (flame)
rCold   . . .      Faith    .    (no shield)
rNeg    . . .      Spirit   .    b - +0 leather armour
rPois   .          Reflect  .    c - +0 helmet
rElec   .          Harm     .    (no cloak)
rCorr   .          Rampage  .    (no gloves)
Will    .....                    (no boots)
Stlth   +.........               (no amulet)
HPRegen 0.09/turn                (no ring)
MPRegen 0.08/turn                (no ring)

@: no status effects
A: weakness stinger 1
a: no special abilities


You were on level 2 of the Dungeon.
You visited 1 branch of the dungeon, and saw 2 of its levels.

You collected 72 gold pieces.

Inventory:

Hand Weapons
 a - a +1 rapier of flaming (weapon)
Armour
 b - a +0 leather armour (worn)
 c - a +0 helmet (worn)
Jewellery
 j - a ring of positive energy
Wands
 e - a wand of acid (8)
Scrolls
 d - 3 scrolls of silence
 f - a scroll of identify
 h - a scroll of fog {unknown}
 k - a scroll of teleportation
 n - a scroll of enchant armour {unknown}
Potions
 g - a potion of ambrosia
 i - a potion of haste
 l - a potion of lignification {unknown}
 m - a potion of mutation {unknown}
 o - 2 potions of brilliance {unknown}


   Skills:
 + Level 2.5 Fighting
 * Level 3.4 Short Blades
 - Level 1.7 Throwing
 + Level 1.1 Armour
 + Level 3.1 Dodging


You had 2 spell levels left.
You didn't know any spells.
Your spell library contained the following spells:

 Spells                   Type           Power      Damage    Failure   Level
 Summon Forest            Summ/Tloc      0%         N/A       100%        5
 Eringya's Noxious Bog    Tmut/Pois      0%         N/A       100%        6
 Summon Hydra             Summ           0%         N/A       100%        7


Dungeon Overview and Level Annotations

Branches:
Dungeon (2/15)

Altars:


Innate Abilities, Weirdness & Mutations

You have a small tail.


Message History

The worm closely misses you. The endoplasm freezes you.
You are frozen.
You hit the worm. You burn the worm.
The worm is severely wounded.
The endoplasm closely misses you.
You barely miss the worm. You tail-slap the worm.
The worm is severely wounded.
The worm bites you but does no damage. The endoplasm freezes you.
You are frozen.
You are too injured to fight recklessly!
You are too injured to fight recklessly!
You are too injured to fight recklessly!
There are monsters nearby!
You are too injured to fight recklessly!
The endoplasm attacks as you move away! The endoplasm completely misses you.
The endoplasm attacks as you move away!
The endoplasm hits you but does no damage.
The endoplasm attacks as you move away!
The endoplasm hits you but does no damage.
You barely miss the endoplasm.
The endoplasm jiggles.
The endoplasm freezes you.
You are frozen.
You barely miss the endoplasm. The endoplasm closely misses you.
You hit the endoplasm but do no damage. The endoplasm barely misses you.
You hit the endoplasm. You burn the endoplasm.
You kill the endoplasm!
The worm bites you.
* * * LOW HITPOINT WARNING * * *
You hit the worm. You burn the worm.
The worm is heavily wounded.
The worm closely misses you.
You hit the worm. You burn the worm.
The worm is severely wounded.
You barely miss the worm.
The worm is severely wounded.
The worm bites you!
You die...

# #..#
#.##.#.............##.# #
#...##.##.........###.#.##.#
#
##..##.#####......###.#.##.#
# #..# ##........#..##.# #
..# ##.#........[..# . ...
.. #.#.###....#### . #.
#.#.# #..### #. #.#.###..#
#. #@#.##...# ##.##w#.##..##
#####...#.#.##..#
..........#.##..#
####...###.##..#
#.......##..#
#.......####..# #.?....#..
.... ##......###


You could see a worm.

Vanquished Creatures
  2 adders (D:2)
  A worm (D:2)
  2 dart slugs
  3 endoplasms (D:2)
  2 giant cockroaches (D:1)
  4 goblins
  A hobgoblin (D:1)
  7 jackals (D:2)
  3 kobolds (D:1)
  2 ball pythons
  2 bats
  2 frilled lizards (D:1)
  A rat (D:1)
32 creatures vanquished.

Notes
Turn   | Place    | Note
-------+----------+-------------------------------------------
     0 | D:1      | Nedwor the Demonspawn Gladiator began the quest for the
                  | Orb.
     0 | D:1      | Reached XP level 1. HP: 16/16 MP: 1/1
   283 | D:1      | Gained mutation: You have a small tail. [demonic ancestry]
   283 | D:1      | Reached XP level 2. HP: 22/22 MP: 2/2
   289 | D:1      | Found a faded altar of an unknown god.
  1129 | D:2      | Reached XP level 3. HP: 23/28 MP: 3/3
  1285 | D:2      | Reached skill level 1 in Armour
  1621 | D:2      | Slain by a worm

Illustrated notes

Levels and vault maps discovered:
D:1:      scummos_arrival_hexagon, layout_basic,
          dilly_ecumenical_altar_fadedgnrine
D:2:      layout_loops_ring, grunt_ministairs_5

Skill      XL: |  1  2  3 |
---------------+----------+-----
Short Blades   | 3 |  3.4
Dodging        | 3 |  3.1
Armour         | 1 |  1.1
Fighting       | |  2.5
Throwing       | |  1.7

Action                   || total
-------------------------++-------
Melee: Rapier            ||    91
       Tailslap          ||     9
       Punch             ||     1
  Use: Scroll            ||     8
Armor: Leather armour    ||    33
Dodge: Dodged            ||    66

Table legend: (Time is in decaauts)
 A = Elapsed time spent in this place.
 B = Non-inter-level travel time spent in this place.
 C = Inter-level travel time spent in this place.
 D = Time resting spent in this place.
 E = Time spent auto-exploring this place.
 F = Levels seen in this place.
 G = Mean time per level.
                   A        B        C        D        E       F      G
               +--------+--------+--------+--------+--------+-----+--------+
         Total |   1624 |   1598 |     26 |    356 |   1020 |   2 |  812.0 |
       Dungeon |   1624 |   1598 |     26 |    356 |   1020 |   2 |  812.0 |
               +--------+--------+--------+--------+--------+-----+--------+

Top non-repeatable levels by time:
     D:2: 899 daAuts
     D:1: 725 daAuts
